 Dungeon Crawl Stone Soup version 0.32-a0-433-g08bcfe7efd (webtiles) character file.

Game seed: 7272926694261716335

485 TeaForSurvival the Trooper (level 6, -10/51 HPs)
             Began as a Mummy Fighter on Feb 22, 2024.
             Mangled by a wight
             ... wielding a +0 halberd
              (11 damage)
             ... on level 7 of the Dungeon.
             The game lasted 00:07:13 (3955 turns).

TeaForSurvival the Trooper (Mummy Fighter)          Turns: 3955, Time: 00:07:14

Health: -10/51     AC:  9    Str: 21    XL:     6   Next: 88%
Magic:  6/6        EV:  9    Int:  7    God:
Gold:   172        SH:  4    Dex: 12    Spells: 5/5 levels left

rFire   x . .        a - +0 war axe
rCold   + . .        c - +0 buckler
rNeg    + + +        b - +0 scale mail
rPois   ∞            (no helmet)
rElec   .            n - +0 cloak
rCorr   .            j - +0 pair of gloves
SInv    .            f - +0 pair of boots
Will    .....        (no amulet) Stlth
                     (no ring)
HPRegen 0.28/turn    (no ring)
MPRegen 0.10/turn

%: faith
@: no status effects
A: cold resistance 1, negative energy resistance 3, torment resistance 2, heat
vulnerability 1, in touch with death 1, no potions, faith
a: no special abilities


You were on level 7 of the Dungeon.
You visited 1 branch of the dungeon, and saw 5 of its levels.

You collected 172 gold pieces.

Inventory:

Hand Weapons
 a - a +0 war axe (weapon)
Missiles
 e - 10 poisoned darts (quivered)
 g - 3 silver javelins
Armour
 b - a +0 scale mail (worn)
 c - a +0 buckler (worn)
 f - a +0 pair of boots (worn)
 j - a +0 pair of gloves (worn)
 n - a +0 cloak (worn)
Scrolls
 d - 2 scrolls of identify {unknown}
 h - 2 scrolls of enchant weapon {unknown}
 i - 5 scrolls of teleportation {unknown}
 k - a scroll of fear {unknown}
 l - a scroll of torment {unknown}
 m - a scroll of blinking {unknown}
 o - 2 scrolls of poison {unknown}
 p - a scroll of immolation {unknown}


   Skills:
 + Level 5.1 Fighting
 * Level 5.1 Axes
 - Level 2.4 Armour
 - Level 2.4 Shields


You had 5 spell levels left.
You didn't know any spells.
Your spell library was empty.

Dungeon Overview and Level Annotations

Branches:
Dungeon (4/15)
 Temple: D:4-7

Altars:

Shops:
D:2 (


Innate Abilities, Weirdness & Mutations

You are immune to poison.
Your flesh is cold resistant. (rC+)
You are immune to negative energy. (rN+++)
You are immune to unholy pain and torment.
You are vulnerable to heat. (rF-)
You are in touch with the powers of death.
You do not drink.
You have a special connection with the divine. (Faith)


Message History

Your Fighting skill increases to level 5!
You hit the wight.
The wight is moderately damaged.
The wight hits you but does no damage.
You barely miss the wight.
The wight is moderately damaged.
The wight barely misses you. You block the wight's attack.
The wight closely misses you. The wight barely misses you.
You hit the wight.
The wight is heavily damaged.
The wight closely misses you. The wight hits you but does no damage.
You closely miss the wight.
The wight is heavily damaged.
You block the wight's attack. The wight hits you with a +0 flail.
You barely miss the wight.
The wight is heavily damaged.
The wight barely misses you. The wight hits you with a +0 flail.
The wight hits you from afar with a +0 halberd.
You slash the wight!
You destroy the wight!
The wight closely misses you.
Your Axes skill increases to level 5!
The wight hits you with a +0 halberd!
Items here: )) [[.
You barely miss the wight. The wight hits you with a +0 halberd.
* * * LOW HITPOINT WARNING * * *
You barely miss the wight. The wight hits you with a +0 halberd.
* * * LOW HITPOINT WARNING * * *
You slash the wight!
The wight is almost destroyed.
The wight closely misses you. The wight hits you with a +0 halberd.
* * * LOW HITPOINT WARNING * * *
You closely miss the wight.
The wight is almost destroyed.
The wight hits you with a +0 halberd!
* * * LOW HITPOINT WARNING * * *
You barely miss the wight.
The wight is almost destroyed.
The wight hits you with a +0 halberd!
You die...

..# #.# #.# #.# #.#
#.# #.# ######
#.#########.# .....
#.. ......... ...
#.# #......
#.######.#####.###)#
#.z@...........# #.#
########.####### #.#
#.#########.#
#...........#
#############


You could see a wight.

Vanquished Creatures
  A water moccasin (D:7)
  A black bear (D:7)
  A scorpion (D:7)
  2 wights (D:7)
  Natasha (D:2)
  4 gnolls
  4 dart slugs (D:2)
  A ribbon worm (D:3)
  5 orcs (D:3)
  3 ball pythons
  4 bats
  3 endoplasms
  5 goblins
  7 hobgoblins
  2 jackals (D:2)
  8 kobolds
  2 quokkas
  2 frilled lizards
  2 rats
58 creatures vanquished.

Notes
Turn   | Place    | Note
-------+----------+-------------------------------------------
     0 | D:1      | TeaForSurvival the Mummy Fighter began the quest for the
                  | Orb.
     0 | D:1      | Reached XP level 1. HP: 18/18 MP: 1/1
   192 | D:1      | Reached XP level 2. HP: 24/24 MP: 2/2
   889 | D:2      | Found Nuworeuq's Antique Weapon Emporium.
   890 | D:2      | Found a faded altar of an unknown god.
   949 | D:2      | Reached XP level 3. HP: 29/29 MP: 3/3
  1397 | D:2      | Noticed Natasha
  1399 | D:2      | Killed Natasha
  1880 | D:2      | Reached XP level 4. HP: 20/37 MP: 4/4
  3241 | D:4      | You fall into a shaft and drop 3 floors!
  3252 | D:7      | Noticed a water moccasin
  3273 | D:7      | Killed a water moccasin
  3274 | D:7      | Reached XP level 5. HP: 16/43 MP: 5/5
  3582 | D:7      | Noticed a black bear
  3589 | D:7      | Killed a black bear
  3590 | D:7      | Reached XP level 6. HP: 49/49 MP: 6/6
  3944 | D:7      | Reached skill level 5 in Fighting
  3950 | D:7      | Reached skill level 5 in Axes
  3954 | D:7      | HP: 1/51 [wight/+0 halberd (8)]
  3955 | D:7      | Mangled by a wight

Illustrated notes

Levels and vault maps discovered:
D:1:      lemuel_arrival_muddy, layout_loops_corners
D:2:      layout_loops_corners, serial_shops, shop,
          ebering_ecumenical_altar_rust, uniq_natasha
D:3:      minmay_diamond_boxcup, layout_loops_ring
D:4:      layout_rooms, kennysheep_flooded_box, serial_library_hellmonk_room_c,
          minmay_misc_feat_ornament, st_stairs_4
D:7:      layout_loops_ring, hangedman_feature_mirror

Skill      XL: |  1  2  3  4  5  6 |
---------------+-------------------+-----
Axes           | 2 3 4 5 |  5.1
Fighting       | 4 5 |  5.1
Armour         | |  2.4
Shields        | |  2.4

Action                     |  1- 3 |  4- 6 || total
---------------------------+-------+-------++-------
  Melee: War axe           |    86 |   121 ||   207
  Throw: Dart              |       |     8 ||     8
 Armour: Scale mail        |    70 |   100 ||   170
  Dodge: Dodged            |    44 |    59 ||   103
  Block: Buckler           |    29 |    23 ||    52

Table legend: (Time is in decaauts)
 A = Elapsed time spent in this place.
 B = Non-inter-level travel time spent in this place.
 C = Inter-level travel time spent in this place.
 D = Time resting spent in this place.
 E = Time spent auto-exploring this place.
 F = Levels seen in this place.
 G = Mean time per level.
                   A        B        C        D        E       F      G
               +--------+--------+--------+--------+--------+-----+--------+
         Total |   4034 |   3855 |    179 |   1021 |   1986 |   5 |  806.8 |
       Dungeon |   4034 |   3855 |    179 |   1021 |   1986 |   5 |  806.8 |
               +--------+--------+--------+--------+--------+-----+--------+

Top non-repeatable levels by time:
     D:2: 1485 daAuts
     D:3: 953 daAuts
     D:1: 847 daAuts
     D:7: 731 daAuts
     D:4: 16 daAuts
